 Dungeon Crawl Stone Soup version 0.29.1-12-g30fa7ad0bf (webtiles) character file.

Game seed: 6067250512177313561

367 H0rd4k the Insei (level 6, 0/42 HPs)
             Began as an Octopode Artificer on Dec 22, 2022.
             Killed themself with a badly aimed iceblast (16 damage)
             ... on level 4 of the Dungeon.
             The game lasted 00:03:57 (4646 turns).

H0rd4k the Insei (Octopode Artificer)               Turns: 4646, Time: 00:03:57

Health: 0/42       AC:  1    Str: 12    XL:     6   Next: 69%
Magic:  10/10      EV: 13    Int: 15    God:
Gold:   139        SH:  0    Dex: 12    Spells: 10/10 levels left

rFire   . . .      SeeInvis .     - Unarmed
rCold   . . .      Faith    .   (no shield)
rNeg    . . .      Spirit   .   (helmet restricted)
rPois   .          Reflect  .   (no amulet)
rElec   .          Harm     .   (no ring)
rCorr   .          Rampage  .   (no ring)
Will    .....                   (no ring)
Stlth   +++.......              (no ring)
HPRegen 0.14/turn               (no ring)
MPRegen 0.12/turn               (no ring)
                                (no ring)
                                (no ring)

@: no status effects
A: almost no armour, amphibious, 8 rings, camouflage 1, gelatinous body 1,
(nimble swimmer 1), tentacles
a: no special abilities


You were on level 4 of the Dungeon.
You visited 1 branch of the dungeon, and saw 4 of its levels.

You collected 139 gold pieces.

Inventory:

Missiles
 l - a throwing net
Jewellery
 e - a ring of magical power
Wands
 b - a wand of flame (11) (quivered)
 c - a wand of charming (10)
 d - a wand of iceblast (3)
Scrolls
 a - a scroll of poison {unknown}
 h - a scroll of teleportation {unknown}
 i - 2 scrolls of fear {unknown}
 j - 2 scrolls of identify {unknown}
Potions
 g - a potion of mutation {unknown}
 k - a potion of lignification {unknown}
 m - a potion of curing
 n - a potion of heal wounds {unknown}
 o - a potion of haste {unknown}


   Skills:
 * Level 3.1 Fighting
 - Level 2.3 Dodging
 - Level 1.3 Stealth
 + Level 4.5 Unarmed Combat
 * Level 2.8 Spellcasting
 - Level 3.2 Evocations


You had 10 spell levels left.
You didn't know any spells.
Your spell library contained the following spells:

 Spells                   Type           Power      Damage    Failure   Level
 Beastly Appendage        Tmut           4%         N/A       21%         1
 Wereblood                Tmut           2%         N/A       30%         2
 Gell's Gravitas          Tloc           2%         N/A       52%         3
 Spider Form              Tmut/Pois      2%         N/A       52%         3
 Teleport Other           Tloc           2%         N/A       52%         3
 Dispersal                Tloc           1%         N/A       100%        6


Dungeon Overview and Level Annotations

Branches:
Dungeon (4/15)
 Temple: D:4-7

Altars:
Elyvilon
Zin
The Shining One


Innate Abilities, Weirdness & Mutations

You cannot wear most types of armour.
You are amphibious.
You can wear up to eight rings at the same time.
Your skin changes colour to match your surroundings (Stealth+).
Your rubbery body absorbs attacks. (AC +1, EV +1)
((You are camouflaged when in or above water. (Stealth+)))
You have tentacles for arms and can constrict up to eight enemies at once.


Message History

The orc wizard barely misses you.
The orc wizard attacks as you move away!
The orc wizard misses you.
Found a stone staircase leading down.
The quokka twitches its whiskers.
The orc wizard closely misses you.
You bump into the rock wall.
The orc wizard points at you and mumbles some strange words.
The puff of flame hits you!
An iguana comes into view.
The orc wizard attacks as you move away!
The orc wizard hits you with a +0 dagger.
The quokka bites you.
The orc wizard gestures wildly while chanting.
The orc wizard flickers and vanishes!
Deactivating autopickup; reactivate with Ctrl-A.
The orc wizard casts a spell at you. The puff of flame hits you!
The quokka attacks as you move away! The quokka barely misses you.
You feel less confused.
You barely miss the quokka.
The iguana hisses angrily.
Your grab misses the quokka. The quokka closely misses you.
You tentacle-slap the quokka.
You kill the quokka!
You tentacle-slap the orc wizard. You grab the orc wizard.
The orc wizard is moderately wounded.
You constrict the orc wizard.
The orc wizard hits you with a +0 dagger.
You tentacle-slap the orc wizard but do no damage.
You tentacle-slap the orc wizard, but do no damage.
You squeeze the orc wizard!
The orc wizard is almost dead.
You constrict the orc wizard.
You kill the orc wizard!
Aiming: Iceblast
Press: ? - help, Shift-Dir - straight line, f - iguana
Aim: an iguana The mass of ice explodes!
The iceblast engulfs something!
The iceblast engulfs you!
You die...

#.##.## ####.#...#####
#### ............ ....
######.........## ##
##>..............#######
#.. #l................
#... #....).)..)#######
#.#...###)####............
.........@# #...#........
..........# #####.#######
.........########.#######
#...#.#.##.............#
#...#.#.##.#####.#####.#
##.#.......##.# #.#####.#
.......#.####.# #........
#[.......# #.# #######.#
#.#####..###.# #.#


You could see an iguana.

Vanquished Creatures
  2 necrophages (D:4)
  A hound (D:4)
  An orc wizard (D:4)
  3 gnolls (D:2)
  An adder (D:4)
  A worm (D:2)
  5 dart slugs
  11 orcs
  4 endoplasms
  3 giant cockroaches
  5 goblins
  5 hobgoblins
  A quokka (D:4)
  8 ball pythons
  2 bats
  12 frilled lizards
  4 kobolds
  8 rats
77 creatures vanquished.

Vanquished Creatures (collateral kills)
  A scorpion (D:4)
  A gnoll (D:2)
2 creatures vanquished.

Vanquished Creatures (others)
  7 plants (D:1)
7 creatures vanquished.

Grand Total: 86 creatures vanquished

Notes
Turn   | Place    | Note
-------+----------+-------------------------------------------
     0 | D:1      | H0rd4k the Octopode Artificer began the quest for the Orb.
     0 | D:1      | Reached XP level 1. HP: 13/13 MP: 1/1
   313 | D:1      | Reached XP level 2. HP: 18/18 MP: 1/3
   393 | D:1      | Reached skill level 1 in Spellcasting
   992 | D:1      | Reached XP level 3. HP: 24/24 MP: 3/5
  1339 | D:1      | Reached skill level 1 in Unarmed Combat
  2684 | D:2      | Reached XP level 4. HP: 11/30 MP: 6/6
  2757 | D:2      | Reached skill level 2 in Unarmed Combat
  3578 | D:4      | Reached XP level 5. HP: 10/35 MP: 8/8
  4150 | D:4      | Reached skill level 3 in Unarmed Combat
  4233 | D:4      | Reached skill level 4 in Unarmed Combat
  4233 | D:4      | Reached XP level 6. HP: 35/42 MP: 9/9
  4243 | D:4      | Found a glowing silver altar of Zin.
  4243 | D:4      | Found a glowing golden altar of the Shining One.
  4244 | D:4      | Found a white marble altar of Elyvilon.
  4384 | D:4      | HP: 1/42 [poisoned by a scorpion]
  4646 | D:4      | Killed themself with a badly aimed iceblast

Illustrated notes

Levels and vault maps discovered:
D:1:      dreamdust_arrival_sigmund_warning, layout_loops_corners, st_stairs_14,
          minmay_lizard_king
D:2:      layout_loops_ring, minmay_puff
D:3:      layout_basic, uniq_robin
D:4:      layout_loops_ring, good_gods_mini_temple, minmay_temple_entry_trees

Skill      XL: |  1  2  3  4  5 |
---------------+----------------+-----
Spellcasting   | 1 2 |  2.8
Fighting       | 2 3 |  3.1
Unarmed Combat | 1 2 4 |  4.5
Dodging        | |  2.3
Stealth        | |  1.3
Evocations     | |  3.2

Action                   |  1- 3 |  4- 6 || total
-------------------------+-------+-------++-------
Melee: Unarmed           |   120 |    83 ||   203
       Constrict         |    27 |    20 ||    47
       Tentacles         |    20 |    17 ||    37
       Punch             |     1 |     2 ||     3
Evoke: Wand              |       |    11 ||    11
  Use: Potion            |       |     2 ||     2
 Stab: Sleeping          |     9 |     4 ||    13
       Distracted        |     1 |       ||     1
Armor: Skin              |     6 |     5 ||    11
Dodge: Dodged            |    58 |    56 ||   114
